 Dungeon Crawl Stone Soup version 0.24-a0-580-g6a6c3f83c1 (webtiles) character file.

Game seed: 10643647846128007593

1657 Electrofox the Grappler (level 8, 0/59 HPs)
             Began as a Black Draconian Transmuter on Aug 20, 2019.
             Was a Follower of Sif Muna.
             Succumbed to a hornet's poison
             ... while paralysed by a hornet
             ... on level 7 of the Dungeon on Aug 21, 2019.
             The game lasted 01:01:21 (9908 turns).

Electrofox the Grappler (DrTm)                      Turns: 9908, Time: 01:01:21

Health: 0/59       AC:  8    Str: 14    XL:     8   Next: 68%
Magic:  12/15      EV:  2    Int: 15    God:    Sif Muna [*.....]
Gold:   240        SH:  0    Dex: 11    Spells: 10/16 levels left

rFire    . . .     SeeInvis .     - Unarmed
rCold    . . .     Gourm    .   (no shield)
rNeg     . . .     Faith    .   (armour unavailable)
rPois    .         Spirit   .   (helmet restricted)
rElec    +         Reflect  .   f - +1 cloak
rCorr    .         Harm     .   (no gloves)
MR       .....                  (boots currently unavailable)
Stlth    +.........             (no amulet)
HPRegen  0.19/turn              (no ring)
MPRegen  0.14/turn              (no ring)

@: paralysed, lethally poisoned (0 -> -32), short of breath, appendage, slowed
A: breathe lightning, unfitting armour, talons 3, electricity resistance,
cold-blooded, AC +6
a: Breathe Lightning, End Transformation, Channel Magic, Renounce Religion


You were on level 7 of the Dungeon.
You worshipped Sif Muna.
Sif Muna was aware of your devotion.
You were not hungry.
You had grown temporary talons.
You visited 2 branches of the dungeon, and saw 8 of its levels.

You collected 240 gold pieces.

Inventory:

Missiles
 a - 74 arrows
 o - 6 poisoned darts (quivered)
Armour
 f - a +1 cloak (worn)
Jewellery
 g - an uncursed ring of fire
Wands
 b - a wand of polymorph (6)
Scrolls
 d - 3 scrolls of enchant weapon {unknown}
 e - a scroll of random uselessness {unknown}
 h - 2 scrolls of fear {unknown}
 i - 3 scrolls of identify
 l - 2 scrolls of blinking {unknown}
 m - 3 scrolls of remove curse {unknown}
 p - 2 scrolls of fog {unknown}
 r - a scroll of amnesia {unknown}
 s - a scroll of magic mapping {unknown}
 t - a scroll of noise {unknown}
Potions
 j - a potion of mutation
 n - a potion of haste {unknown}
 q - a potion of might {unknown}
Comestibles
 c - 9 rations


   Skills:
 - Level 1.1 Fighting
 - Level 1.7 Dodging
 - Level 8.0 Unarmed Combat
 * Level 4.8 Spellcasting
 + Level 6.4 Transmutations
 - Level 2.1 Poison Magic


You had 10 spell levels left.
You knew the following spells:

 Your Spells              Type           Power        Failure   Level  Hunger
a - Beastly Appendage     Tmut           ###...       1%          1    None
b - Sticks to Snakes      Tmut           ###.....     1%          2    ##.....
c - Spider Form           Tmut/Pois      ###.......   9%          3    ###....

Your spell library contained the following spells:

 Spells                   Type           Power        Failure   Level  Hunger
 Corona                   Hex            #......      17%         1    None
 Magic Dart               Conj           #...         17%         1    None
 Blink                    Tloc           N/A          26%         2    ##.....
 Call Imp                 Summ           #.......     26%         2    ##.....
 Ensorcelled Hibernation  Hex/Ice        #.....       26%         2    ##.....
 Slow                     Hex            #.......     26%         2    ##.....
 Blade Hands              Tmut           ###.......   32%         5    ######.
 Mephitic Cloud           Conj/Pois/Air  #.......     36%         3    ###....
 Ice Form                 Ice/Tmut       ##......     41%         4    ####...
 Confuse                  Hex            #.......     45%         3    ###....
 Conjure Flame            Conj/Fire      #.......     45%         3    ###....
 Dazzling Spray           Conj/Hex       #.....       45%         3    ###....
 Tukima's Dance           Hex            #.......     45%         3    ###....


Dungeon Overview and Level Annotations

Branches:
Dungeon (7/15)             Temple (1/1) D:4

Altars:
Ashenzari
Cheibriados
Dithmenos
Elyvilon
Fedhas
Gozag
Hepliaklqana
Kikubaaqudgha
Makhleb
Nemelex Xobeh
Okawaru
Qazlal
Ru
Sif Muna
Trog
Uskayaw
Vehumet
Wu Jian
Xom
Yredelemnul
Zin
The Shining One

Annotations:
D:5 3 runed translucent doors, exclusion: 4 doors, larifari's ghost, novice KoHu


Innate Abilities, Weirdness & Mutations

You can breathe wild blasts of lightning.
Your glossy black scales are hard. (AC +6)
You cannot fit into any form of body armour.
You are resistant to electric shocks. (rElec)
You are cold-blooded and may be slowed by cold attacks.
You have claws for feet.


Message History

The hornet stings you but does no damage.
The hornet stings you!
* * * LOW HITPOINT WARNING * * *
You are lethally poisoned!
You feel yourself slow down.
Okay, then.
Okay, then.
Casting: Beastly Appendage (safe; 1% risk of failure)
Confirm with . or Enter, or press ? or * to list all spells.
You create a snake!
You now have 74 arrows.
You feel yourself speed up.
* * * LOW HITPOINT WARNING * * *
You feel sick. The hornet stings you.
* * * LOW HITPOINT WARNING * * *
You are more poisoned.
You suddenly lose the ability to move!
The hornet stings you.
* * * LOW HITPOINT WARNING * * *
You are more poisoned.
You feel yourself slow down.
You die...

#....†....######## ###
#########.##.....# ..# #.....#
#.##.###+#
..##############.....###.##..<...
..')....<............'......>(...
..##########.##......####........
..# #.#..........#.#..(...
..####### #.#..S..(....#.#......
........####.#..@y........#......
.....[.......#..#+#'#######......
......#..#####....#.# #......
......##.## ##.###.# .y....
####'###..# #.# #.# #.# ##.## #.#
#+# #.# #..# #.# #.# ##.# #.# #.#
#.## #.#


You could see a hornet and a friendly adder.

Vanquished Creatures
  Edmund (D:6)
  Duvessa (D:4)
  A sky beast (D:6)
  A centaur (D:5)
  An ogre (D:4)
  2 bullfrogs (D:6)
  4 killer bees
  3 crimson imps
  A bullfrog zombie (D:7)
  A bullfrog skeleton (D:5)
  A centaur skeleton (D:6)
  Ijyb (D:4)
  3 orc wizards
  2 hounds
  An iguana (D:7)
  5 worker ants
  Natasha (thrice) (D:2)
  Robin (D:4)
  7 adders
  A shadow imp (D:6)
  5 worms
  5 dart slugs
  4 leopard geckos
  13 orcs
  4 ball pythons
  5 giant cockroaches
  15 goblins
  13 hobgoblins
  13 jackals
  3 kobolds
  2 quokkas
  7 bats
  2 frilled lizards
  A quokka skeleton (D:5)
  7 rats
140 creatures vanquished.

Vanquished Creatures (collateral kills)
  An ogre (D:5)
  A bullfrog (D:3)
  Dowan (D:4)
  2 worms (D:2)
  2 orcs
  A bat (D:3)
  A goblin (D:2)
  A rat (D:2)
10 creatures vanquished.

Grand Total: 150 creatures vanquished

Notes
Turn   | Place    | Note
-------+----------+-------------------------------------------
     0 | D:1      | Electrofox the Draconian Transmuter began the quest for the
                  | Orb.
     0 | D:1      | Reached XP level 1. HP: 16/16 MP: 3/3
   555 | D:1      | Reached XP level 2. HP: 23/23 MP: 3/5
  1440 | D:1      | Learned a level 2 spell: Sticks to Snakes
  1463 | D:2      | Reached XP level 3. HP: 11/28 MP: 1/6
  1659 | D:2      | Found a faded altar of an unknown god.
  1722 | D:2      | Noticed Natasha
  1731 | D:2      | Killed Natasha
  1839 | D:2      | Noticed Natasha
  1976 | D:2      | Killed Natasha
  1976 | D:2      | Reached XP level 4. HP: 23/35 MP: 5/8
  1982 | D:2      | Noticed Natasha
  1990 | D:2      | Killed Natasha
  2539 | D:2      | Reached XP level 5. HP: 30/40 MP: 7/9
  3535 | D:3      | Reached skill level 5 in Transmutations
  4000 | D:4      | Noticed Robin
  4040 | D:4      | Noticed Ijyb
  4095 | D:4      | Noticed Dowan
  4095 | D:4      | Noticed Duvessa
  4297 | D:4      | Killed Robin
  4408 | D:4      | Learned a level 3 spell: Spider Form
  4728 | D:4      | Reached XP level 6. HP: 30/47 MP: 11/11
  4905 | D:4      | Killed Ijyb
  5126 | D:4      | Reached skill level 1 in Poison Magic
  5430 | D:4      | Found a staircase to the Ecumenical Temple.
  5441 | Temple   | Entered the Ecumenical Temple
  5697 | Temple   | Became a worshipper of Sif Muna the Loreminder
  6290 | D:5      | Entered Level 5 of the Dungeon
  6910 | D:5      | Your scales start taking on a glossy black colour.
  6910 | D:5      | Reached XP level 7. HP: 18/52 MP: 7/12
  6910 | D:5      | Gained mutation: You are resistant to electric shocks.
                  | (rElec) [Black Draconian growth]
  7167 | D:5      | Upgraded the game from 0.24-a0-549-g45f0056d81 to
                  | 0.24-a0-580-g6a6c3f83c1
  7222 | D:5      | Found a runed translucent gate.
  7222 | D:5      | Found a runed translucent gate.
  7222 | D:5      | Found a runed translucent gate.
  7222 | D:5      | Noticed larifari's ghost (novice KoHu)
  7550 | D:5      | Reached skill level 4 in Unarmed Combat
  7982 | D:6      | Reached skill level 5 in Unarmed Combat
  8060 | D:6      | Noticed Edmund
  8088 | D:6      | Killed Edmund
  8178 | D:6      | Reached skill level 6 in Unarmed Combat
  8297 | D:6      | Reached XP level 8. HP: 57/59 MP: 11/13
  8422 | D:6      | Reached skill level 7 in Unarmed Combat
  8424 | D:6      | Reached * piety under Sif Muna
  8804 | D:6      | Found a bloodstained altar of Trog.
  8950 | D:7      | Noticed a hornet
  8962 | D:6      | Reached skill level 8 in Unarmed Combat
  9464 | D:4      | Found a glowing silver altar of Zin.
  9519 | D:4      | Found a staircase to the Ecumenical Temple.
  9630 | D:4      | Killed Duvessa
  9637 | D:4      | Killed Dowan
  9898 | D:7      | Paralysed by a hornet for 1 turns
  9907 | D:7      | Paralysed by a hornet for 3 turns
  9908 | D:7      | Succumbed to a hornet's poison

Levels and vault maps discovered:
D:1:      minmay_arrival_diagonal_passages, layout_basic
D:2:      minmay_skewed_foursquare, layout_rooms,
          chequers_ecumenical_altar_simple, uniq_natasha
D:3:      layout_basic
D:4:      layout_loops_cross, kennysheep_little_box, temple_doors_cd,
          first_ration, minmay_misc_feat_four_crosses, minivault_19,
          st_stairs_6, uniq_ijyb, uniq_duvessa, uniq_robin
D:5:      layout_basic, ebering_ghost_rock_garden, minmay_liquid_box,
          nemelex_lonely_heart_becter
D:6:      layout_rooms, lemuel_statue_altar, uniq_edmund
D:7:      layout_basic, serial_shops, nicolae_shop_waterfront
Temple:   nicolae_temple_the_god_donut

Skill      XL: |  1  2  3  4  5  6  7  8 |
---------------+-------------------------+-----
Transmutations | 3 4 5 6 |  6.4
Spellcasting   | 3 4 |  4.8
Poison Magic   | 2 |  2.1
Unarmed Combat | 6 8 |  8.0
Fighting       | |  1.1
Dodging        | |  1.7

Action                   |  1- 3 |  4- 6 |  7- 9 || total
-------------------------+-------+-------+-------++-------
Melee: Unarmed           |   130 |   351 |   259 ||   740
       Tailslap          |    11 |    46 |    37 ||    94
       Kick              |     3 |    39 |    16 ||    58
       Headbutt          |     2 |    11 |    15 ||    28
       Punch             |       |     3 |     6 ||     9
Throw: Dart              |       |       |     6 ||     6
 Cast: Beastly Appendage |    10 |    30 |    19 ||    59
       Sticks to Snakes  |     4 |    18 |     9 ||    31
       Spider Form       |       |     2 |     2 ||     4
 Abil: End Transformatio |       |       |     1 ||     1
       Breathe Lightning |       |       |     2 ||     2
  Use: Scroll            |       |     5 |       ||     5
       Potion            |       |       |     1 ||     1
 Stab: Sleeping          |     1 |       |       ||     1
       Distracted        |       |       |     1 ||     1
  Eat: Chunk             |     4 |    15 |     6 ||    25
       Ration            |       |     1 |     1 ||     2
Armor: Skin              |    55 |   105 |   104 ||   264
Dodge: Dodged            |   114 |   228 |   152 ||   494

Table legend:
 A = Non-vault XP
 B = Vault XP
 C = Vault XP percentage of total XP
 D = Non-vault monster count
 E = Vault monster count
 F = Vault count percentage of total count
                 A         B        C        D         E       F
            +---------+---------+-------+---------+---------+-------
      Total |    1901 |     467 |  19.7 |     127 |      23 |  15.3
            +---------+---------+-------+---------+---------+-------
        D:1 |      29 |       0 |   0.0 |      16 |       0 |   0.0
        D:2 |     135 |      50 |  27.0 |      32 |       6 |  15.8
        D:3 |     116 |       2 |   1.7 |      18 |       1 |   5.3
        D:4 |     259 |     274 |  51.4 |      24 |      15 |  38.5
        D:5 |     381 |       0 |   0.0 |      14 |       0 |   0.0
        D:6 |     841 |     141 |  14.4 |      20 |       1 |   4.8
        D:7 |     140 |       0 |   0.0 |       3 |       0 |   0.0
            +---------+---------+-------+---------+---------+-------
